[Event "27th Heraklion Open 2019"]
[Site "Heraklion"]
[Date "2019.09.04"]
[Round "1.3"]
[White "Mirzoev, Emil"]
[Black "Kealar, Ioannis"]
[Result "1-0"]
[ECO "D02"]
[WhiteElo "2477"]
[BlackElo "1240"]
[Annotator "ChessBase"]
[PlyCount "45"]
[EventDate "2019.09.03"]
[EventType "swiss"]
[EventCountry "GRE"]
[SourceTitle "playchess.com"]
[Source "ChessBase"]
[SourceQuality "1"]
[TimeControl "40/5400+30:1800+30"]

1. d4 d5 2. Bf4 Nf6 3. e3 e6 4. Nd2 c5 5. c3 Nc6 6. Ngf3 Be7 7. h3 O-O 8. Bd3 Re8 9. O-O b6 10. Qe2 c4 11. Bc2 Bb7 12. e4 Rc8 13. e5 Nd7 14. Nh2 Nf8 15. Be3 Bg5 16. f4 Bh6 17. Ng4 Qh4 18. Nxh6+ Qxh6 19. f5 Qh4 20. f6 Ng6 21. Kh2 Nf4 22. Rxf4 Qh6 23. Rg4 1-0

[Event "27th Heraklion Open 2019"]
[Site "Heraklion"]
[Date "2019.09.04"]
[Round "1.4"]
[White "Roditakis, Emmanouil"]
[Black "Peng, Li Min"]
[Result "0-1"]
[ECO "B01"]
[WhiteElo "1193"]
[BlackElo "2465"]
[Annotator "ChessBase"]
[PlyCount "88"]
[EventDate "2019.09.03"]
[EventType "swiss"]
[EventCountry "GRE"]
[SourceTitle "playchess.com"]
[Source "ChessBase"]
[SourceQuality "1"]
[TimeControl "40/5400+30:1800+30"]

1. e4 Nf6 2. d3 d5 3. exd5 Qxd5 4. Nc3 Qd6 5. Nf3 Nc6 6. g3 Bg4 7. Bg2 Nd4 8. Be3 e5 9. Bxd4 exd4 10. Ne2 Qb4+ 11. Qd2 Qxb2 12. O-O Bb4 13. Qc1 Qxc1 14. Raxc1 c5 15. Rb1 O-O-O 16. Nc1 Bxf3 17. Bxf3 b6 18. a4 Rhe8 19. Na2 a5 20. Nc1 g5 21. Bg2 Kc7 22. Nb3 Re2 23. Rb2 Bc3 24. Ra2 Rde8 25. Bf3 Re1 26. Rxe1 Rxe1+ 27. Kg2 g4 28. Ba8 Re8 29. Be4 Nxe4 30. dxe4 Rxe4 31. Nc1 c4 32. f3 Re1 33. fxg4 Rxc1 34. Kh3 d3 35. cxd3 cxd3 36. Kh4 d2 37. Rxd2 Bxd2 38. Kh5 Rc6 39. g5 Rg6 40. h4 Kc6 41. Kg4 b5 42. Kh5 bxa4 43. g4 h6 44. gxh6 Rxh6# 0-1

[Event "27th Heraklion Open 2019"]
[Site "Heraklion"]
[Date "2019.09.04"]
[Round "1.7"]
[White "Namini, Armin"]
[Black "Aggeletou, Fereniki"]
[Result "1-0"]
[ECO "A28"]
[WhiteElo "2251"]
[BlackElo "1178"]
[Annotator "ChessBase"]
[PlyCount "35"]
[EventDate "2019.09.03"]
[EventType "swiss"]
[EventCountry "GRE"]
[SourceTitle "playchess.com"]
[Source "ChessBase"]
[SourceQuality "1"]
[TimeControl "40/5400+30:1800+30"]

1. c4 e5 2. Nc3 Nf6 3. Nf3 Nc6 4. e3 d5 5. cxd5 Nxd5 6. Bb5 Nxc3 7. bxc3 f6 8. d4 a6 9. Bc4 exd4 10. cxd4 b5 11. Bd3 Bb4+ 12. Kf1 Be6 13. Qc2 g6 14. Qxc6+ Kf7 15. h4 Bd5 16. Qc2 Rc8 17. e4 Bb7 18. Qb3+ 1-0

[Event "27th Heraklion Open 2019"]
[Site "Heraklion"]
[Date "2019.09.04"]
[Round "1.8"]
[White "Stratigi, Ioanna"]
[Black "Hulshof, Peter"]
[Result "0-1"]
[ECO "B00"]
[WhiteElo "1166"]
[BlackElo "2180"]
[Annotator "ChessBase"]
[PlyCount "74"]
[EventDate "2019.09.03"]
[EventType "swiss"]
[EventCountry "GRE"]
[SourceTitle "playchess.com"]
[Source "ChessBase"]
[SourceQuality "1"]
[TimeControl "40/5400+30:1800+30"]

1. e4 b6 2. Nc3 Bb7 3. Nf3 e6 4. g3 Nf6 5. d3 d6 6. Bg2 g6 7. O-O Bg7 8. Re1 O-O 9. Bf4 a6 10. Qd2 Re8 11. d4 Nbd7 12. Rad1 Qe7 13. Bh6 Bh8 14. a3 Rad8 15. b4 Ng4 16. h3 Nxh6 17. Qxh6 Bg7 18. Qh4 Qxh4 19. Nxh4 c5 20. Ne2 cxb4 21. axb4 g5 22. Nf3 Bxe4 23. c4 h6 24. Nc3 Bg6 25. Ne4 Nb8 26. Nc3 Rc8 27. Bf1 Nd7 28. Ne4 Bxe4 29. Rxe4 a5 30. bxa5 bxa5 31. Ra1 Nb6 32. Rxa5 Nxc4 33. Ra6 d5 34. Re1 Rb8 35. Rea1 Rec8 36. Nh2 Bxd4 37. Nf3 Bxa1 0-1

[Event "27th Heraklion Open 2019"]
[Site "Heraklion"]
[Date "2019.09.04"]
[Round "1.9"]
[White "Ivanov, Mike"]
[Black "Terzakis, Georgios"]
[Result "1-0"]
[ECO "C48"]
[WhiteElo "2177"]
[BlackElo "1162"]
[Annotator "ChessBase"]
[PlyCount "36"]
[EventDate "2019.09.03"]
[EventType "swiss"]
[EventCountry "GRE"]
[SourceTitle "playchess.com"]
[Source "ChessBase"]
[SourceQuality "1"]
[TimeControl "40/5400+30:1800+30"]

1. e4 e5 2. Nf3 Nc6 3. Nc3 Nf6 4. Bb5 a6 5. Bxc6 dxc6 6. Nxe5 Nxe4 7. Nxe4 Qd4 8. O-O Qxe5 9. Re1 Be6 10. d4 Qd5 11. Bg5 Qb5 12. b3 a5 13. c4 Qa6 14. d5 cxd5 15. cxd5 Qb5 16. dxe6 fxe6 17. Qg4 Qf5 18. Nd6+ Bxd6 1-0

[Event "27th Heraklion Open 2019"]
[Site "Heraklion"]
[Date "2019.09.04"]
[Round "1.10"]
[White "Koutsourakis, Emmanouil"]
[Black "Lirindzakis, Timotheos"]
[Result "0-1"]
[ECO "E46"]
[WhiteElo "1156"]
[BlackElo "2157"]
[Annotator "ChessBase"]
[PlyCount "72"]
[EventDate "2019.09.03"]
[EventType "swiss"]
[EventCountry "GRE"]
[SourceTitle "playchess.com"]
[Source "ChessBase"]
[SourceQuality "1"]
[TimeControl "40/5400+30:1800+30"]

1. d4 Nf6 2. c4 e6 3. Nc3 Bb4 4. e3 O-O 5. Nge2 Re8 6. g3 d5 7. cxd5 exd5 8. Bg2 c6 9. a3 Bd6 10. b4 Nbd7 11. O-O Nb6 12. Na4 Nc4 13. Nc5 b6 14. Nd3 Bf5 15. Nef4 a5 16. Qb3 axb4 17. Nxb4 Qd7 18. Nfd3 Bh3 19. Qd1 Bxg2 20. Kxg2 Ne4 21. h4 Re6 22. Qg4 Qe8 23. Nc2 Rg6 24. Qe2 Nxg3 25. fxg3 Qe4+ 26. Rf3 Rxg3+ 27. Kf2 Rxf3+ 28. Qxf3 Qxd3 29. Qe2 Qe4 30. h5 Re8 31. Nb4 c5 32. dxc5 bxc5 33. Nc2 Qh4+ 34. Kg1 Re4 35. Ne1 Rg4+ 36. Ng2 Qh2+ 0-1

[Event "27th Heraklion Open 2019"]
[Site "Heraklion"]
[Date "2019.09.04"]
[Round "1.11"]
[White "Fasching, Markus"]
[Black "Bras, Vasileios"]
[Result "1-0"]
[ECO "B19"]
[WhiteElo "2029"]
[BlackElo "1151"]
[Annotator "NA"]
[PlyCount "57"]
[EventDate "2019.09.03"]
[EventType "swiss"]
[EventCountry "GRE"]
[SourceTitle "playchess.com"]
[Source "ChessBase"]
[SourceQuality "1"]
[TimeControl "40/5400+30:1800+30"]

1. e4 c6 2. d4 d5 3. Nc3 dxe4 4. Nxe4 Bf5 5. Ng3 Bg6 6. h4 h6 7. Nf3 Nf6 8. h5 Bh7 9. Bd3 Nbd7 10. Bxh7 Rxh7 11. Qd3 e6 12. Bd2 Be7 13. O-O-O Qc7 14. Kb1 O-O-O 15. c4 c5 16. Bc3 Rhh8 17. Ne4 Kb8 18. d5 exd5 19. cxd5 Rc8 20. d6 Qc6 21. dxe7 Nxe4 22. Qxd7 Nxf2 23. Be5+ Ka8 24. Qxc6 bxc6 25. Bd6 Nxh1 26. Rxh1 Rhe8 27. Ne5 f6 28. Nd3 c4 29. Nc5 1-0

[Event "27th Heraklion Open 2019"]
[Site "Heraklion"]
[Date "2019.09.04"]
[Round "1.12"]
[White "Anastasakis, Vasileios Georgios"]
[Black "Alquist, Erik"]
[Result "0-1"]
[ECO "B45"]
[WhiteElo "1123"]
[BlackElo "2020"]
[Annotator "NA"]
[PlyCount "66"]
[EventDate "2019.09.03"]
[EventType "swiss"]
[EventCountry "GRE"]
[SourceTitle "playchess.com"]
[Source "ChessBase"]
[SourceQuality "1"]
[TimeControl "40/5400+30:1800+30"]

1. e4 c5 2. Nf3 e6 3. d4 cxd4 4. Nxd4 Nc6 5. Nxc6 bxc6 6. Nc3 Nf6 7. Bg5 Qa5 8. Bd2 Qc7 9. Bd3 Bd6 10. g3 h5 11. Be2 Rb8 12. Rb1 h4 13. Rg1 hxg3 14. hxg3 Bc5 15. Na4 Nxe4 16. Nxc5 Nxc5 17. Bf4 e5 18. Be3 Na4 19. Bd2 Nxb2 20. Qc1 Na4 21. Rxb8 Qxb8 22. Qa3 Qb1+ 23. Bd1 Nb2 24. Ke2 Nxd1 25. Rxd1 Qb5+ 26. Ke3 Qb6+ 27. Kf3 c5 28. Ba5 Bb7+ 29. Ke2 Qb5+ 30. Ke1 Ba6 31. Kd2 Rh2 32. Bc7 Rxf2+ 33. Ke3 Qe2# 0-1

[Event "27th Heraklion Open 2019"]
[Site "Heraklion"]
[Date "2019.09.04"]
[Round "1.13"]
[White "Putrenko, Kirill"]
[Black "Beis, Rafail"]
[Result "1-0"]
[ECO "A44"]
[WhiteElo "1974"]
[BlackElo "1118"]
[Annotator "NA"]
[PlyCount "57"]
[EventDate "2019.09.03"]
[EventType "swiss"]
[EventCountry "GRE"]
[SourceTitle "playchess.com"]
[Source "ChessBase"]
[SourceQuality "1"]
[TimeControl "40/5400+30:1800+30"]

1. d4 c5 2. d5 d6 3. e4 e5 4. Nc3 Nf6 5. g3 Bg4 6. Qd3 Be7 7. Bg2 O-O 8. Nge2 Nbd7 9. O-O Qb6 10. h3 Bh5 11. Kh2 Rac8 12. Be3 Qxb2 13. Rab1 c4 14. Qd2 Qa3 15. Rxb7 Rb8 16. Rxa7 Qb4 17. Rb1 Qxb1 18. Nxb1 Rxb1 19. Nc3 Rbb8 20. g4 Bg6 21. g5 Nxe4 22. Nxe4 Rfd8 23. a4 Ra8 24. Rxa8 Rxa8 25. Qb4 Nc5 26. Nxc5 dxc5 27. Qb7 Rd8 28. Qxe7 Rf8 29. Bxc5 1-0

[Event "27th Heraklion Open 2019"]
[Site "Heraklion"]
[Date "2019.09.04"]
[Round "1.14"]
[White "Alexandrakis, Athanasios"]
[Black "Kotsinis, Alexandros"]
[Result "0-1"]
[ECO "A80"]
[WhiteElo "1116"]
[BlackElo "1951"]
[Annotator "NA"]
[PlyCount "38"]
[EventDate "2019.09.03"]
[EventType "swiss"]
[EventCountry "GRE"]
[SourceTitle "playchess.com"]
[Source "ChessBase"]
[SourceQuality "1"]
[TimeControl "40/5400+30:1800+30"]

1. d4 e6 2. Nf3 b6 3. Bf4 Bb7 4. e3 f5 5. Nbd2 Nf6 6. c4 Be7 7. Be2 O-O 8. O-O Ne4 9. Rc1 g5 10. Bg3 f4 11. exf4 gxf4 12. Qc2 Nxd2 13. Qxd2 fxg3 14. hxg3 Nc6 15. g4 Bf6 16. g3 Qe7 17. Kg2 Nxd4 18. Qd3 Nxe2 19. Qxe2 Bg7 0-1

[Event "27th Heraklion Open 2019"]
[Site "Heraklion"]
[Date "2019.09.04"]
[Round "1.15"]
[White "Atakay, Mustafa"]
[Black "Vasilakis, Marios G"]
[Result "1-0"]
[ECO "A60"]
[WhiteElo "1866"]
[BlackElo "1110"]
[Annotator "NA"]
[PlyCount "47"]
[EventDate "2019.09.03"]
[EventType "swiss"]
[EventCountry "GRE"]
[SourceTitle "playchess.com"]
[Source "ChessBase"]
[SourceQuality "1"]
[TimeControl "40/5400+30:1800+30"]

1. d4 Nf6 2. c4 e6 3. g3 c5 4. d5 d6 5. Nc3 Bd7 6. e4 Qc7 7. Bg2 exd5 8. exd5 Be7 9. Nf3 O-O 10. O-O a6 11. a4 Bf5 12. Re1 Re8 13. Nh4 Bg6 14. Nxg6 fxg6 15. Bh3 Nbd7 16. b3 Ne5 17. Be6+ Kh8 18. Ra2 Rf8 19. f4 Nf7 20. Rae2 Nh5 21. Ne4 Rae8 22. Bxf7 Rxf7 23. Ng5 Rff8 24. Ne6 1-0

[Event "27th Heraklion Open 2019"]
[Site "Heraklion"]
[Date "2019.09.04"]
[Round "1.16"]
[White "Kasnakidou, Sotiria"]
[Black "Burnett, Leon P"]
[Result "0-1"]
[ECO "B30"]
[WhiteElo "1083"]
[BlackElo "1849"]
[Annotator "NA"]
[PlyCount "80"]
[EventDate "2019.09.03"]
[EventType "swiss"]
[EventCountry "GRE"]
[SourceTitle "playchess.com"]
[Source "ChessBase"]
[SourceQuality "1"]
[TimeControl "40/5400+30:1800+30"]

1. e4 c5 2. Nf3 Nc6 3. Bb5 Qb6 4. Nc3 e6 5. d3 Nge7 6. O-O Nd4 7. Bc4 Nec6 8. Bb3 Be7 9. Bd2 O-O 10. Nxd4 cxd4 11. Ne2 d6 12. c3 dxc3 13. Bxc3 Bd7 14. d4 Bf6 15. e5 dxe5 16. dxe5 Bxe5 17. Bxe5 Nxe5 18. Re1 Rfd8 19. Ng3 Bb5 20. Qb1 Nd3 21. Re2 Nf4 22. Re3 Rd4 23. Bc2 h6 24. Be4 Rad8 25. Bf3 Bc6 26. Qe1 Qxb2 27. Rb3 Qd2 28. Qe5 Ng6 29. Qc5 Bxf3 30. gxf3 Nf4 31. Rbb1 Nh3+ 32. Kg2 Qxf2+ 33. Kxh3 Rh4+ 34. Kxh4 Qxc5 35. Rc1 Qf2 36. Kh3 Rd2 37. Rf1 Qxh2+ 38. Kg4 f5+ 39. Kf4 g5+ 40. Ke5 Qxg3+ {Kd4} 0-1

[Event "27th Heraklion Open 2019"]
[Site "Heraklion"]
[Date "2019.09.04"]
[Round "1.17"]
[White "Bras, Emmanouel"]
[Black "Kalaitzakis, Emmanouil"]
[Result "1-0"]
[ECO "A40"]
[WhiteElo "1838"]
[BlackElo "1079"]
[Annotator "NA"]
[PlyCount "41"]
[EventDate "2019.09.03"]
[EventType "swiss"]
[EventCountry "GRE"]
[SourceTitle "playchess.com"]
[Source "ChessBase"]
[SourceQuality "1"]
[TimeControl "40/5400+30:1800+30"]

1. d4 e5 2. dxe5 Nc6 3. Nf3 Qe7 4. g3 Nxe5 5. Nxe5 Qxe5 6. Bg2 Nf6 7. O-O Bc5 8. Nc3 c6 9. e4 O-O 10. Bf4 Qe7 11. Na4 Bb6 12. Bd6 Qe6 13. Nxb6 axb6 14. Bxf8 Kxf8 15. e5 Qxe5 16. Re1 Qxb2 17. Qd6+ Kg8 18. Rad1 Qxc2 19. Qc7 h6 20. Rd6 Qxa2 21. Qd8+ 1-0

[Event "27th Heraklion Open 2019"]
[Site "Heraklion"]
[Date "2019.09.04"]
[Round "1.18"]
[White "Gorantonakis, Georgios"]
[Black "Fragkiadakis, Emmanouel"]
[Result "0-1"]
[ECO "C48"]
[WhiteElo "1077"]
[BlackElo "1743"]
[Annotator "NA"]
[PlyCount "56"]
[EventDate "2019.09.03"]
[EventType "swiss"]
[EventCountry "GRE"]
[SourceTitle "playchess.com"]
[Source "ChessBase"]
[SourceQuality "1"]
[TimeControl "40/5400+30:1800+30"]

1. e4 e5 2. Nf3 Nc6 3. Nc3 Nf6 4. Bb5 Bd6 5. O-O O-O 6. d3 h6 7. h3 a6 8. Bc4 b5 9. Bb3 Bb7 10. Be3 Re8 11. Ne2 Na5 12. Ng3 Nxb3 13. axb3 Bf8 14. Nf5 d5 15. N3h4 dxe4 16. g4 exd3 17. cxd3 Qd5 18. Kh2 g5 19. Rg1 Rad8 20. Qc1 Nh7 21. d4 exd4 22. Bxd4 c5 23. Be3 Qe5+ 24. f4 Qc7 25. Ng2 f6 26. Kh1 Qc6 27. h4 Qf3 28. hxg5 Qh3# 0-1

[Event "27th Heraklion Open 2019"]
[Site "Heraklion"]
[Date "2019.09.04"]
[Round "1.19"]
[White "Koutsourakis, Ioannis"]
[Black "Nyktaris, Minas"]
[Result "1-0"]
[ECO "E94"]
[WhiteElo "1739"]
[BlackElo "1074"]
[Annotator "NA"]
[PlyCount "107"]
[EventDate "2019.09.03"]
[EventType "swiss"]
[EventCountry "GRE"]
[SourceTitle "playchess.com"]
[Source "ChessBase"]
[SourceQuality "1"]
[TimeControl "40/5400+30:1800+30"]

1. d4 Nf6 2. c4 g6 3. Nc3 Bg7 4. e4 d6 5. Nf3 O-O 6. Be2 e5 7. O-O c6 8. Be3 Bd7 9. Qc2 Re8 10. b4 Qe7 11. dxe5 dxe5 12. a3 Ng4 13. Bc5 Qe6 14. h3 Nh6 15. Rfd1 f5 16. exf5 Qxf5 17. Bd3 Qf6 18. Ne4 Qd8 19. Nd6 Re6 20. Nxb7 Qc7 21. Na5 e4 22. Bxe4 Bxa1 23. Rxa1 Qf4 24. Bd3 Na6 25. Nb3 Be8 26. Be3 Qf8 27. Nbd4 Rf6 28. b5 cxb5 29. cxb5 Nc5 30. Bxh6 Qxh6 31. Qxc5 Qf4 32. Qd5+ Kg7 33. Qxa8 Bd7 34. Qxa7 Rf7 35. Ne2 Qd6 36. Qd4+ Qxd4 37. Nexd4 Kf6 38. b6 Rf8 39. b7 Rb8 40. Ba6 Ke7 41. Ne5 Kd6 42. Nxd7 Kxd7 43. Rc1 Rxb7 44. Bxb7 Kd6 45. a4 h5 46. a5 g5 47. a6 Ke5 48. a7 Kxd4 49. a8=Q g4 50. Qd8+ Ke5 51. Re1+ Kf5 52. Qf8+ Kg6 53. Re6+ Kh7 54. Rh6# 1-0

[Event "27th Heraklion Open 2019"]
[Site "Heraklion"]
[Date "2019.09.04"]
[Round "2.1"]
[White "Koutsaftis, Efstratios Panagioti"]
[Black "Moiseenko, Vadim"]
[Result "0-1"]
[ECO "D39"]
[WhiteElo "1611"]
[BlackElo "2543"]
[Annotator "ChessBase"]
[PlyCount "88"]
[EventDate "2019.09.03"]
[EventType "swiss"]
[EventCountry "GRE"]
[SourceTitle "playchess.com"]
[Source "ChessBase"]
[SourceQuality "1"]
[TimeControl "40/5400+30:1800+30"]

1. d4 d5 2. c4 e6 3. Nc3 Nf6 4. Bg5 dxc4 5. e4 h6 6. Bxf6 Qxf6 7. Bxc4 Bb4 8. Nf3 c5 9. O-O cxd4 10. Qxd4 Qxd4 11. Nxd4 Ke7 12. a3 Bxc3 13. bxc3 Bd7 14. Rfb1 b6 15. Bf1 Rc8 16. c4 Na6 17. Nb5 Nc5 18. f3 Nb7 19. a4 Rc5 20. Kf2 g6 21. Ke3 Rh5 22. h3 Rc5 23. f4 Na5 24. Rb4 Nc6 25. Rb2 g5 26. g3 Rg8 27. Rd1 gxf4+ 28. gxf4 Na5 29. Rb4 Nc6 30. Rb2 Be8 31. Kf2 f6 32. a5 Nxa5 33. Nxa7 Nxc4 34. Bxc4 Rxc4 35. Rxb6 Rc2+ 36. Kf1 Rg3 37. Rb7+ Kf8 38. Nb5 Rxh3 39. Kg1 Rg3+ 40. Kh1 Rc5 41. Kh2 Rg8 42. f5 Rxb5 43. Rxb5 Bxb5 44. fxe6 Ke7 0-1

[Event "27th Heraklion Open 2019"]
[Site "Heraklion"]
[Date "2019.09.04"]
[Round "2.3"]
[White "Xirouhakis, Emmanouil"]
[Black "Mirzoev, Emil"]
[Result "0-1"]
[ECO "E61"]
[WhiteElo "1574"]
[BlackElo "2477"]
[Annotator "ChessBase"]
[PlyCount "108"]
[EventDate "2019.09.03"]
[EventType "swiss"]
[EventCountry "GRE"]
[SourceTitle "playchess.com"]
[Source "ChessBase"]
[SourceQuality "1"]
[TimeControl "40/5400+30:1800+30"]

1. d4 Nf6 2. c4 d6 3. Nc3 Bf5 4. Nf3 g6 5. e3 Bg7 6. Bd3 Bd7 7. Qc2 O-O 8. O-O Nc6 9. a3 e5 10. dxe5 dxe5 11. Rd1 Re8 12. Rb1 a5 13. b3 Qc8 14. Ne4 Nxe4 15. Bxe4 h6 16. Bb2 Kh7 17. Rd2 Re7 18. Rbd1 Nb8 19. c5 c6 20. Bd3 Be8 21. Bc4 Na6 22. Bxa6 bxa6 23. Rd6 Rb8 24. Nd2 Qb7 25. Bc3 Qb5 26. b4 f5 27. Nb3 Qa4 28. Qb2 axb4 29. axb4 e4 30. Bxg7 Rxg7 31. R6d4 Bf7 32. Rb1 Rxb4 33. Rxb4 Qxb4 34. Nd4 Qxb2 35. Rxb2 Bd5 36. Rb6 Ra7 37. Nxc6 Bxc6 38. Rxc6 a5 39. Rd6 a4 40. Rd1 Kg7 41. Kf1 Kf7 42. Ke2 Ke7 43. f3 a3 44. fxe4 fxe4 45. Ra1 Kd7 46. Kd2 Kc6 47. Ra2 Kxc5 48. Kc3 Rd7 49. Re2 Rd3+ 50. Kc2 Kc4 51. g4 g5 52. h3 Rc3+ 53. Kb1 Kb3 54. Re1 Rc2 0-1

[Event "27th Heraklion Open 2019"]
[Site "Heraklion"]
[Date "2019.09.04"]
[Round "2.5"]
[White "Koutsouraki, Ariadni"]
[Black "Bogdanov, Egor"]
[Result "0-1"]
[ECO "B72"]
[WhiteElo "1516"]
[BlackElo "2422"]
[Annotator "ChessBase"]
[PlyCount "112"]
[EventDate "2019.09.03"]
[EventType "swiss"]
[EventCountry "GRE"]
[SourceTitle "playchess.com"]
[Source "ChessBase"]
[SourceQuality "1"]
[TimeControl "40/5400+30:1800+30"]

1. e4 c5 2. Nf3 Nc6 3. d4 cxd4 4. Nxd4 Nf6 5. Nc3 g6 6. Be3 Bg7 7. Bc4 O-O 8. Bb3 d6 9. h3 Na5 10. O-O b6 11. Bd5 Nxd5 12. Nxd5 e6 13. Nc3 Nc4 14. Bc1 Qf6 15. Nde2 Qe7 16. b3 Na5 17. Bb2 Ba6 18. Re1 Rac8 19. Na4 Bxb2 20. Nxb2 Rfd8 21. c4 Qf6 22. Qd4 Qxd4 23. Nxd4 d5 24. exd5 exd5 25. cxd5 Rxd5 26. Red1 Rcd8 27. Nc2 Rd2 28. Nb4 Be2 29. Rxd2 Rxd2 30. Na4 Rd4 31. Nc3 Rxb4 32. Nxe2 Re4 33. Nc3 Re5 34. Kf1 Nc6 35. Re1 Rc5 36. Ne4 Ra5 37. a4 Nd4 38. Rb1 b5 39. axb5 Rxb5 40. Nd2 Rc5 41. Kg1 Rc2 42. Ne4 f5 43. Ng3 h5 44. h4 Kf7 45. Rd1 Nc6 46. Kf1 Ke6 47. Ne2 Ke5 48. f4+ Ke6 49. Rc1 Rxc1+ 50. Nxc1 Kd5 51. Ke2 Ke4 52. g3 Nd4+ 53. Kf2 a5 54. Ne2 Nxb3 55. Nc3+ Kd4 56. Na4 Nc5 0-1

[Event "27th Heraklion Open 2019"]
[Site "Heraklion"]
[Date "2019.09.04"]
[Round "2.7"]
[White "Galanakis, Nikolaos"]
[Black "Namini, Armin"]
[Result "0-1"]
[ECO "A01"]
[WhiteElo "1595"]
[BlackElo "2251"]
[Annotator "ChessBase"]
[PlyCount "79"]
[EventDate "2019.09.03"]
[EventType "swiss"]
[EventCountry "GRE"]
[SourceTitle "playchess.com"]
[Source "ChessBase"]
[SourceQuality "1"]
[TimeControl "40/5400+30:1800+30"]

1. b3 a5 2. a3 e6 3. Bb2 Nf6 4. e3 c5 5. Bb5 Na6 6. Nf3 Nc7 7. Be2 a4 8. Nc3 axb3 9. cxb3 Be7 10. O-O O-O 11. Ne5 d6 12. Nf3 b6 13. Qc2 Bb7 14. d4 Qb8 15. b4 Rc8 16. dxc5 dxc5 17. bxc5 Ncd5 18. Nxd5 Bxd5 19. c6 Bxc6 20. Rfc1 Qb7 21. Qd1 Nd7 22. Qf1 Nc5 23. Rc4 f6 24. Nd4 Bd5 25. Rc2 Na4 26. Rxc8+ Qxc8 27. Rb1 Qd8 28. Bf3 Bc5 29. Bxd5 Qxd5 30. Qb5 h6 31. Ne2 Qe4 32. Nc3 Qc2 33. Qc6 Nxc3 34. Qxa8+ Kh7 35. Rf1 Qxb2 36. Qc6 Qb3 37. h4 Qc4 38. g3 Qg4 39. Kh2 Ne4 40. Qd7 0-1

[Event "27th Heraklion Open 2019"]
[Site "Heraklion"]
[Date "2019.09.04"]
[Round "2.8"]
[White "Hulshof, Peter"]
[Black "Kazakos, Nikolaos"]
[Result "1-0"]
[ECO "D35"]
[WhiteElo "2180"]
[BlackElo "1514"]
[Annotator "ChessBase"]
[PlyCount "181"]
[EventDate "2019.09.03"]
[EventType "swiss"]
[EventCountry "GRE"]
[SourceTitle "playchess.com"]
[Source "ChessBase"]
[SourceQuality "1"]
[TimeControl "40/5400+30:1800+30"]

1. c4 e6 2. Nc3 Nf6 3. g3 d5 4. cxd5 exd5 5. d4 c6 6. Bg2 Bd6 7. Nf3 h6 8. Qc2 O-O 9. O-O Re8 10. Re1 Bg4 11. h3 Bxf3 12. Bxf3 Qd7 13. Kg2 Na6 14. Bd2 Nc7 15. Rad1 Ne6 16. Qd3 Rad8 17. h4 a6 18. e4 dxe4 19. Nxe4 Nxe4 20. Bxe4 Bc5 21. Ba5 b6 22. dxc5 Qxd3 23. Rxd3 Rxd3 24. Bxd3 bxa5 25. Bxa6 Rb8 26. b3 Nxc5 27. Bc4 Nb7 28. Re7 Nd6 29. Ra7 Nxc4 30. bxc4 Rb4 31. Rxa5 Rxc4 32. Ra8+ Kh7 33. Kf3 Rc1 34. Ke3 Rd1 35. f3 c5 36. Ra3 Kg6 37. Rc3 Ra1 38. a3 Kf6 39. g4 g5 40. hxg5+ hxg5 41. Ke4 Ke6 42. Rxc5 Rxa3 43. Rxg5 Ra4+ 44. Ke3 Ra3+ 45. Kf4 Ra4+ 46. Kg3 Kf6 47. Rb5 Rc4 48. f4 Rc1 49. Rb6+ Kg7 50. g5 Rg1+ 51. Kf3 Rf1+ 52. Kg4 Rc1 53. Rb4 Rc6 54. f5 Rc1 55. Kh5 Rh1+ 56. Rh4 Rg1 57. Rh2 Rg3 58. f6+ Kh7 59. Ra2 Rg1 60. Ra8 Rh1+ 61. Kg4 Rg1+ 62. Kf5 Rf1+ 63. Ke5 Re1+ 64. Kd6 Kg6 65. Rg8+ Kf5 66. Rg7 Re2 67. Kd7 Re1 68. Rxf7 Kxg5 69. Re7 Ra1 70. f7 Ra7+ 71. Kd6 Ra6+ 72. Ke5 Ra5+ 73. Ke4 Ra4+ 74. Ke3 Ra3+ 75. Kf2 Ra2+ 76. Re2 Ra8 77. Re8 Ra2+ 78. Ke1 Ra1+ 79. Kd2 Ra2+ 80. Kc3 Ra3+ 81. Kb4 Rf3 82. f8=Q Rxf8 83. Rxf8 Kg6 84. Kc5 Kg7 85. Rf2 Kg6 86. Kd5 Kg5 87. Ke4 Kg6 88. Ke5 Kg7 89. Ke6 Kg8 90. Ke7 Kg7 91. Rg2+ 1-0

[Event "27th Heraklion Open 2019"]
[Site "Heraklion"]
[Date "2019.09.04"]
[Round "2.9"]
[White "Mavridis, Athanasios"]
[Black "Ivanov, Mike"]
[Result "0-1"]
[ECO "A61"]
[WhiteElo "1493"]
[BlackElo "2177"]
[Annotator "ChessBase"]
[PlyCount "86"]
[EventDate "2019.09.03"]
[EventType "swiss"]
[EventCountry "GRE"]
[SourceTitle "playchess.com"]
[Source "ChessBase"]
[SourceQuality "1"]
[TimeControl "40/5400+30:1800+30"]

1. d4 Nf6 2. c4 c5 3. d5 e6 4. Nc3 exd5 5. cxd5 d6 6. Nf3 g6 7. Bf4 a6 8. a4 Bg7 9. h3 O-O 10. e3 Qe7 11. Be2 Nbd7 12. O-O Ne8 13. Re1 Rb8 14. Qc2 Nc7 15. Bh2 f5 16. Nd2 Ne5 17. a5 Bd7 18. Bxe5 Bxe5 19. Nc4 Bg7 20. Nb6 Be8 21. Bf3 Nb5 22. Ne2 g5 23. Nc3 Qf6 24. Rac1 Rd8 25. Qb3 g4 26. Be2 gxh3 27. g3 f4 28. exf4 Nd4 29. Qd1 Qh6 30. Kh2 Bg6 31. Bg4 Rxf4 32. gxf4 Qxf4+ 33. Kxh3 Be5 34. Rxe5 dxe5 35. Qg1 Qh6+ 36. Kg2 Qg5 37. Kh3 Kh8 38. Ne2 Nf5 39. Rc4 Rg8 40. Ng3 Qh6+ 41. Kg2 Nh4+ 42. Kf1 Bd3+ 43. Ne2 Qd2 0-1

[Event "27th Heraklion Open 2019"]
[Site "Heraklion"]
[Date "2019.09.04"]
[Round "2.10"]
[White "Lirindzakis, Timotheos"]
[Black "Vitsaxaki, Iris"]
[Result "1-0"]
[ECO "D94"]
[WhiteElo "2157"]
[BlackElo "1494"]
[Annotator "ChessBase"]
[PlyCount "89"]
[EventDate "2019.09.03"]
[EventType "swiss"]
[EventCountry "GRE"]
[SourceTitle "playchess.com"]
[Source "ChessBase"]
[SourceQuality "1"]
[TimeControl "40/5400+30:1800+30"]

1. Nf3 Nf6 2. c4 c6 3. d4 d5 4. e3 g6 5. Nc3 Bg7 6. Be2 O-O 7. O-O Bg4 8. Qb3 Qb6 9. Qxb6 axb6 10. cxd5 Nxd5 11. Nxd5 cxd5 12. h3 Bd7 13. Bd2 Bc6 14. a3 Nd7 15. Rac1 Rfc8 16. Rc2 Ba4 17. Rxc8+ Rxc8 18. Rc1 Rxc1+ 19. Bxc1 f6 20. Nd2 Bc6 21. Nb1 Nb8 22. Nc3 Na6 23. Nb5 Bd7 24. Bd2 Bf8 25. Kf1 Kf7 26. Ke1 e5 27. dxe5 fxe5 28. Bc3 Bxb5 29. Bxb5 Bd6 30. b4 Ke7 31. f3 Nc7 32. Bd3 Ne6 33. Kf2 Kf7 34. Bc2 Nc7 35. Bb2 Ke7 36. h4 Ne6 37. h5 gxh5 38. Bxh7 Kf7 39. Bc2 Nc7 40. Kg3 Kg7 41. f4 Kf6 42. Kh4 d4 43. fxe5+ Bxe5 44. exd4 Bf4 45. Kxh5 1-0

[Event "27th Heraklion Open 2019"]
[Site "Heraklion"]
[Date "2019.09.04"]
[Round "2.11"]
[White "Dagkonaki, Aspasia"]
[Black "Fasching, Markus"]
[Result "0-1"]
[ECO "B76"]
[WhiteElo "1413"]
[BlackElo "2029"]
[Annotator "NA"]
[PlyCount "44"]
[EventDate "2019.09.03"]
[EventType "swiss"]
[EventCountry "GRE"]
[SourceTitle "playchess.com"]
[Source "ChessBase"]
[SourceQuality "1"]
[TimeControl "40/5400+30:1800+30"]

1. e4 c5 2. Nf3 d6 3. d4 cxd4 4. Nxd4 Nf6 5. Nc3 g6 6. Be3 Bg7 7. f3 O-O 8. Qd2 Nc6 9. O-O-O d5 10. Nxc6 bxc6 11. exd5 cxd5 12. Nxd5 Nxd5 13. Qxd5 Qc7 14. Qc5 Qb7 15. Bd4 Bf5 16. Bc3 Bxc3 17. bxc3 Rab8 18. Qb4 Qc7 19. Qc4 Qb6 20. Kd2 Rfd8+ 21. Bd3 Bxd3 22. cxd3 Qf2+ 0-1